 Dungeon Crawl Stone Soup version 0.32-a0-534-ga61f84b8bd (webtiles) character file.

Game seed: 7578704398437811492

24 Amplified the Grasshopper (level 2, 0/21 HPs)
             Began as a Demonspawn Wanderer on Feb 28, 2024.
             Was a Follower of Nemelex Xobeh.
             Succumbed to an adder's poison
             ... on level 2 of the Dungeon.
             The game lasted 00:02:01 (754 turns).

Amplified the Grasshopper (Demonspawn Wanderer)      Turns: 754, Time: 00:02:02

Health: 0/21       AC:  8    Str: 13    XL:     2   Next: 79%
Magic:  5/5        EV:  8    Int: 14    God:    Nemelex Xobeh [*.....]
Gold:   43         SH:  0    Dex:  9    Spells: 4/5 levels left

rFire   . . .        a - +1 mace
rCold   . . .        (no shield)
rNeg    . . .        b - +0 scale mail
rPois   .            (no helmet)
rElec   .            (no cloak)
rCorr   .            (no gloves)
SInv    .            (no boots)
Will    .....        (no amulet) Stlth
                     (no ring)
HPRegen 0.23/turn    (no ring)
MPRegen 0.09/turn

%: no passive effects
@: brilliant, lethally poisoned (0 -> -4)
A: yellow scales 1
a: Renounce Religion, Draw Escape, Draw Destruction, Draw Summoning


You were on level 2 of the Dungeon.
You worshipped Nemelex Xobeh.
Nemelex Xobeh was aware of your devotion.
You visited 1 branch of the dungeon, and saw 2 of its levels.

You collected 43 gold pieces.

Inventory:

Hand Weapons
 a - a +1 mace (weapon)
Armour
 b - a +0 scale mail (worn)


   Skills:
 * Level 1.1 Fighting
 * Level 1.4 Maces & Flails
 * Level 1.5 Armour
 - Level 1.7 Stealth
 - Level 2.0 Spellcasting
 - Level 2.6 Translocations
 * Level 1.3 Invocations
 - Level 1.0 Evocations


You had 4 spell levels left.
You knew the following spells:

 Your Spells              Type           Power      Damage    Failure   Level
a - Apportation           Tloc           26%        N/A       36%         1

Your spell library contained the following spells:

 Spells                   Type           Power      Damage    Failure   Level
 Momentum Strike          Conj/Tloc      14%        3d8       67%         2
 Passage of Golubria      Tloc           13%        N/A       98%         4


Dungeon Overview and Level Annotations

Branches:
Dungeon (2/15)

Altars:
Nemelex Xobeh


Innate Abilities, Weirdness & Mutations

You are partially covered in yellow scales. (AC +2)


Message History

You feel sick. The adder bites you.
* * * LOW HITPOINT WARNING * * *
You are lethally poisoned!
The adder poisons you! The adder barely misses you.
It was a potion of brilliance.
You feel clever all of a sudden.
* * * LOW HITPOINT WARNING * * *
You feel sick. The adder closely misses you.
You aren't carrying any scrolls.
Unknown command.
Casting: Apportation (safe; 36% risk of failure)
Confirm with . or Enter, or press ? or * to list all spells.
Aiming: Apportation (safe; 36% risk of failure)
Press: ? - help, Dir - move target, f - you
Okay, then.
You aren't carrying any scrolls.
Unknown command.
You aren't carrying any items that you can evoke.
Unknown command.
Okay, then.
You aren't carrying any items that you can evoke.
Unknown command.
You aren't carrying any potions.
Unknown command.
You aren't carrying any scrolls.
Unknown command.
You miss the adder.
The adder is severely wounded.
* * * LOW HITPOINT WARNING * * *
You feel sick. The adder barely misses you. x2
Unknown command.
You closely miss the adder.
The adder is severely wounded.
* * * LOW HITPOINT WARNING * * *
You feel sick. The adder barely misses you.
Unknown command.
You miss the adder.
The adder is severely wounded.
You die...
Your body glows slightly and disappears.

####
..#
#.#
#@#
#S#
...
##...
#...#
#...#
#...#
#...#


You could see an adder.

Vanquished Creatures
  An orc (D:1)
  A ball python (D:1)
  3 endoplasms (D:1)
  4 giant cockroaches (D:1)
  2 hobgoblins (D:1)
  2 kobolds (D:1)
  5 goblins (D:1)
  A rat (D:1)
19 creatures vanquished.

Notes
Turn   | Place    | Note
-------+----------+-------------------------------------------
     0 | D:1      | Amplified the Demonspawn Wanderer began the quest for the
                  | Orb.
     0 | D:1      | Amplified set off with the following items: a +0 mace, a +0
                  | scale mail, a scroll of blinking; and the following spell
                  | memorised: Apportation; and the following spells available
                  | to memorise: Momentum Strike, Passage of Golubria.
     0 | D:1      | Reached XP level 1. HP: 13/13 MP: 3/3
    20 | D:1      | Found a faded altar of an unknown god.
    58 | D:1      | Prayed at the altar of an unknown god.
    58 | D:1      | Became a worshipper of Nemelex Xobeh the Trickster
    58 | D:1      | Reached * piety under Nemelex Xobeh
    58 | D:1      | Received a gift from Nemelex Xobeh
   175 | D:1      | Gained mutation: You are partially covered in yellow
                  | scales. (AC +2) [demonic ancestry]
   175 | D:1      | Reached XP level 2. HP: 7/20 MP: 5/5
   262 | D:1      | Reached skill level 1 in Invocations
   580 | D:1      | Reached skill level 1 in Fighting
   753 | D:2      | HP: 1/21 [poisoned by an adder]
   754 | D:2      | Succumbed to an adder's poison

Illustrated notes

Levels and vault maps discovered:
D:1:      dpeg_arrival_rooms_b, layout_basic, chequers_ecumenical_altar_simple
D:2:      layout_basic, serial_co_window_serial, co_window_corner_a,
          co_window_of_opportunity_a, co_window_paths_b, co_window_paths_a,
          co_window_paths_a, co_window_2corner, co_window_corner_cb,
          co_window_broadway_a, co_window_cross_2, co_window_paths_c,
          co_window_unsneaky_path_e, co_window_corner_ca, co_window_4corner_b,
          co_window_paths_d, grunt_ministairs_11

Skill      XL: |  1  2 |
---------------+-------+-----
Invocations    | 1 |  1.3
Fighting       | 1 |  1.1
Maces & Flails | |  1.4
Armour         | |  1.5
Stealth        | |  1.7
Spellcasting   | |  2.0
Translocations | |  2.6
Evocations     | |  1.0

Action                     || total
---------------------------++-------
  Melee: Mace              ||    57
 Invoke: Draw Destruction  ||     4
    Use: Scroll            ||     4
         Potion            ||     3
 Armour: Scale mail        ||    48
  Dodge: Dodged            ||    35

Table legend: (Time is in decaauts)
 A = Elapsed time spent in this place.
 B = Non-inter-level travel time spent in this place.
 C = Inter-level travel time spent in this place.
 D = Time resting spent in this place.
 E = Time spent auto-exploring this place.
 F = Levels seen in this place.
 G = Mean time per level.
                   A        B        C        D        E       F      G
               +--------+--------+--------+--------+--------+-----+--------+
         Total |    771 |    760 |     11 |     80 |    488 |   2 |  385.5 |
       Dungeon |    771 |    760 |     11 |     80 |    488 |   2 |  385.5 |
               +--------+--------+--------+--------+--------+-----+--------+

Top non-repeatable levels by time:
     D:1: 749 daAuts
     D:2: 22 daAuts
